 Dungeon Crawl Stone Soup version 0.29.0-11-gd7f09526c8 (webtiles) character file.

Game seed: 13961485682834061659

1386 Pooter the Cleaver (level 8, -1/62 (71) HPs)
             Began as a Minotaur Monk on Sept 6, 2022.
             Was a Believer of Okawaru.
             Slain by Duvessa
             ... wielding a +6 rapier of draining
              (4 damage)
             ... on level 5 of the Dungeon.
             The game lasted 00:27:46 (6709 turns).

Pooter the Cleaver (Minotaur Monk)                  Turns: 6709, Time: 00:27:47

HP:   -1/62 (71)    AC: 13    Str: 18    XL:     8   Next: 40%
MP:   5/7           EV: 10    Int:  7    God:    Okawaru [**....]
Gold: 239           SH:  0    Dex: 13    Spells: 7/7 levels left

rFire   . . .      SeeInvis .   a - +3 morningstar (freeze)
rCold   . . .      Faith    .   (no shield)
rNeg    . . .      Spirit   .   n - +2 chain mail
rPois   .          Reflect  .   (helmet restricted)
rElec   .          Harm     +   d - scarf {harm}
rCorr   .          Rampage  .   (no gloves)
Will    .....                   e - +0 pair of boots
Stlth   +.........              (no amulet)
HPRegen 0.20/turn               (no ring)
MPRegen 0.10/turn               (no ring)

@: heroic, heavily drained
A: horns 2, retaliatory headbutt
a: Renounce Religion, Heroism


You were on level 5 of the Dungeon.
You worshipped Okawaru.
Okawaru was pleased with you.
You visited 2 branches of the dungeon, and saw 8 of its levels.

You collected 239 gold pieces.

Inventory:

Hand Weapons
 a - a +3 morningstar of freezing (weapon)
   (You took it off a wight on level 5 of the Dungeon)
 b - a +0 shortbow
   (You took it off a centaur on level 3 of the Dungeon)
 j - a +0 trident
   (You took it off an orc on level 4 of the Dungeon)
 o - a +2 war axe
   (You took it off an orc on level 5 of the Dungeon)
Missiles
 k - 6 boomerangs (quivered)
 x - 3 datura-tipped darts
 Q - 52 stones
Armour
 d - a scarf of harm (worn)
   (You found it on level 1 of the Dungeon)
 e - a +0 pair of boots (worn)
   (You found it on level 1 of the Dungeon)
 h - a +0 robe of willpower
   (You found it on level 1 of the Dungeon)
 n - a +2 chain mail (worn)
   (You found it on level 2 of the Dungeon)
Jewellery
 s - a ring of magical power
   (You found it on level 3 of the Dungeon)
Wands
 p - a wand of charming (9)
   (You found it on level 2 of the Dungeon)
Scrolls
 f - a scroll of fear
 l - a scroll of amnesia
 t - 4 scrolls of teleportation {@r4}
 u - 2 scrolls of blinking {unknown}
 w - a scroll of vulnerability {unknown}
 y - 2 scrolls of immolation {unknown}
 B - a scroll of butterflies {unknown}
Potions
 c - a potion of ambrosia
 g - a potion of flight
 i - 2 potions of degeneration {unknown}
 m - 3 potions of mutation {!q}
 q - a potion of haste {unknown}
 r - a potion of might {unknown}
 v - 2 potions of curing {@q1}
 z - a potion of lignification {unknown}
 A - a potion of berserk rage {unknown}


   Skills:
 + Level 6.4(11.4) Fighting
 * Level 8.4(13.4) Axes
 * Level 4.9(9.9) Ranged Weapons
 - Level 3.2(8.2) Dodging
 - Level 3.0(8.0) Stealth
 + Level 3.4 Evocations


You had 7 spell levels left.
You didn't know any spells.
Your spell library contained the following spells:

 Spells                   Type           Power      Damage    Failure   Level
 Dazzling Flash           Conj/Hex       0%         N/A       100%        3
 Iskenderun's Mystic Bla  Conj/Tloc      0%         2d3       100%        4
 Starburst                Conj/Fire      0%         6d3       100%        6


Dungeon Overview and Level Annotations

Branches:
Dungeon (7/15)             Temple (1/1) D:6

Altars:
Fedhas
Okawaru
Qazlal
Sif Muna
The Shining One

Shops:
D:6 :

Annotations:
D:3 1 runed translucent door, Crazy Yiuf
D:5 Duvessa


Innate Abilities, Weirdness & Mutations

You have a pair of horns on your head.
You reflexively headbutt those who attack you in melee.


Message History

a - a +3 morningstar of freezing (weapon)
You sock the iguana!
The iguana seems to slow down.
You freeze the iguana.
You kill the iguana!
Okawaru accepts your kill.
Found a ring mail.
Found a bubbling pink potion.
Found a stone staircase leading down.
Dowan, Brother of Duvessa comes into view.
He is wielding a +0 dagger.
Found 13 gold pieces.
Dowan shouts!
Dowan moves out of view.
Duvessa, Sister of Dowan comes into view.
She is wielding a +6 rapier of draining.
You aren't carrying any items that you can evoke.
Throw: 4 darts (datura)
Aim: Duvessa, wielding a +6 rapier of draining and wearing a +0 leather armour (wandering, hasn't noticed you, 64% to hit, chance to frenzy on hit: 67%)
You throw a datura-tipped dart. The datura-tipped dart hits Duvessa.
Duvessa flies into a frenzy!
Something hits Duvessa.
Okawaru accepts your kill.
You hear a distant scream of rage.
You feel a bit more experienced.
You hear a shout!
Your +3 morningstar of freezing stops glowing.
b - a +0 shortbow (weapon)
You start waiting.
You hear a shout!
Duvessa is nearby!
You gain the combat prowess of a mighty hero.
You shoot an arrow. The arrow hits Duvessa.
You shoot an arrow. The arrow closely misses Duvessa.
Your +3 morningstar of freezing glows with a cold blue light!
a - a +3 morningstar of freezing (weapon)
Duvessa hits you with a +6 rapier of draining!!
You feel drained.
You are too injured to fight recklessly!
You are too injured to fight recklessly!
You are too injured to fight recklessly!
You hit Duvessa. You freeze Duvessa.
Duvessa hits you with a +6 rapier of draining!
* * * LOW HITPOINT WARNING * * *
You feel drained.
Duvessa hits you with a +6 rapier of draining!
* * * LOW HITPOINT WARNING * * *
You feel drained.
* * * LOW HITPOINT WARNING * * *
You hit Duvessa. You freeze Duvessa. Duvessa completely misses you.
Unknown command.
You completely miss Duvessa.
Duvessa hits you with a +6 rapier of draining!
* * * LOW HITPOINT WARNING * * *
You feel drained.
You die...

####### # #.....#
# #.#..[..## #
#........ +
#.......##########
#
#>.......e@......#
#
......##########.#
####### $!..e #.#
#....... ....
##.###....... ...
#...##....... ##
#...##.......
#...##.......
##...#.......
###.........


You could see the neutral Duvessa (fast, strong, insane).

Vanquished Creatures
  A water moccasin (D:5)
  An ogre (D:6)
  3 centaurs
  A bullfrog (D:7)
  2 scorpions
  3 wights (D:5)
  2 hounds
  2 orc priests
  A gnoll bouda (D:5)
  Terence (D:3)
  3 iguanas
  2 orc wizards
  7 gnolls
  10 adders
  A worm (D:3)
  A dart slug (D:5)
  19 orcs
  5 ball pythons
  6 bats
  10 endoplasms
  A giant cockroach (D:1)
  7 goblins
  10 hobgoblins
  6 kobolds
  6 quokkas
  5 frilled lizards
  8 rats
124 creatures vanquished.

Vanquished Creatures (collateral kills)
  Dowan (D:5)
  A gnoll (D:2)
2 creatures vanquished.

Vanquished Creatures (others)
  2 gnolls (D:2)
  2 fungi (D:1)
  12 plants (D:6)
16 creatures vanquished.

Grand Total: 142 creatures vanquished

Notes
Turn   | Place    | Note
-------+----------+-------------------------------------------
     0 | D:1      | Pooter the Minotaur Monk began the quest for the Orb.
     0 | D:1      | Reached XP level 1. HP: 19/19 MP: 0/0
   205 | D:1      | Reached skill level 4 in Axes
   207 | D:1      | Reached XP level 2. HP: 19/27 MP: 1/1
   737 | D:1      | Found a faded altar of an unknown god.
  1037 | D:2      | Reached XP level 3. HP: 33/33 MP: 2/2
  1562 | D:2      | Reached XP level 4. HP: 40/40 MP: 3/3
  1704 | D:2      | Reached skill level 5 in Axes
  2090 | D:3      | Noticed Terence
  2105 | D:3      | Killed Terence
  2106 | D:3      | Reached skill level 1 in Evocations
  2237 | D:3      | Found a glowing golden altar of the Shining One.
  2335 | D:3      | Found a blossoming altar of Fedhas.
  2478 | D:3      | Reached XP level 5. HP: 27/47 MP: 4/4
  3006 | D:3      | Found a runed translucent door.
  3007 | D:3      | Noticed Crazy Yiuf
  3059 | D:4      | Noticed a centaur
  3554 | D:3      | Killed a centaur
  3555 | D:3      | Reached skill level 5 in Fighting
  3555 | D:3      | Reached skill level 6 in Axes
  3555 | D:3      | Reached XP level 6. HP: 51/56 MP: 5/5
  3896 | D:4      | Reached skill level 1 in Ranged Weapons
  3998 | D:5      | Entered Level 5 of the Dungeon
  4242 | D:4      | Found a stormy altar of Qazlal.
  4442 | D:4      | Found a shimmering blue altar of Sif Muna.
  4532 | D:5      | Reached XP level 7. HP: 29/61 MP: 6/6
  4717 | D:5      | You fall into a shaft and drop 2 floors!
  4807 | D:6      | Found Feuxeycso's Book Shoppe.
  4817 | D:6      | Found a staircase to the Ecumenical Temple.
  4822 | Temple   | Entered the Ecumenical Temple
  4831 | Temple   | Became a worshipper of Warmaster Okawaru
  4831 | Temple   | Reached * piety under Okawaru
  4831 | Temple   | Reached ** piety under Okawaru
  4869 | D:6      | Reached skill level 7 in Axes
  5962 | D:5      | Reached XP level 8. HP: 46/70 MP: 7/7
  6310 | D:5      | Reached skill level 8 in Axes
  6694 | D:5      | Noticed Dowan
  6695 | D:5      | Noticed Duvessa
  6697 | D:5      | Killed Dowan
  6709 | D:5      | HP: 3/65 [Duvessa/+6 rapier of draining (18)]
  6709 | D:5      | Slain by Duvessa

Illustrated notes

Levels and vault maps discovered:
D:1:      minmay_arrival_solitary_statue, layout_basic,
          shapermc_ecumenical_altar_mp_urbaneastern, serial_forest,
          infiniplex_forest_lined_room_2, infiniplex_forest_clump_small,
          infiniplex_forest_lined_room_2, infiniplex_forest_straight_1
D:2:      layout_basic
D:3:      layout_basic, chequers_temple_overflow_statue_of_worship,
          chequers_mini_garden, uniq_terence, uniq_crazy_yiuf_cottage
D:4:      layout_cave_pools, grunt_qazlal_clouds, kennysheep_mini
D:5:      layout_basic, minmay_fractal_squares_5, uniq_duvessa
D:6:      layout_basic, temple_doors_e, serial_glass, glass_columns_b,
          glass_columns_a, gup_ossuary_entry_pyramid, serial_shops,
          nicolae_stop_n_shop_1, amcnicky_mini_pool_small, chequers_big_river,
          nicolae_zen_rock_garden, fountainhead, nicolae_take_the_stairs,
          minmay_crystal_room, hangedman_decor_points, kennysheep_nondescript,
          serial_park_tiny_pond, st_stairs_3, grunt_ministairs_11
D:7:      layout_basic, lemuel_tele_altar, nicolae_uskayaw_en_pointe,
          ebering_ghost_rock_garden, kennysheep_small_square
Temple:   nicolae_temple_superstar

Skill      XL: |  1  2  3  4  5  6  7  8 |
---------------+-------------------------+-----
Axes           | 4 5 6 7 8 |  8.4
Fighting       | 4 5 6 |  6.4
Stealth        | 2 3 |  3.0
Evocations     | 1 2 3 |  3.4
Ranged Weapons | 2 3 4 |  4.9
Dodging        | |  3.2

Action                   |  1- 3 |  4- 6 |  7- 9 || total
-------------------------+-------+-------+-------++-------
Melee: Hand axe          |    77 |   114 |       ||   191
       Headbutt          |     7 |    29 |    11 ||    47
       War axe           |       |    24 |    33 ||    57
       Punch             |       |     1 |     1 ||     2
       Morningstar       |       |       |    34 ||    34
 Fire: Shortbow          |       |    23 |    23 ||    46
Throw: Boomerang         |     4 |     6 |     2 ||    12
       Dart              |       |       |     1 ||     1
Invok: Heroism           |       |       |     8 ||     8
Evoke: Wand              |     2 |       |       ||     2
  Use: Scroll            |     7 |     4 |     3 ||    14
       Potion            |       |     2 |       ||     2
 Stab: Sleeping          |     2 |       |       ||     2
       Distracted        |     1 |       |       ||     1
Armor: Robe              |    18 |       |       ||    18
       Chain mail        |     1 |   100 |    44 ||   145
Dodge: Dodged            |    44 |    65 |    32 ||   141
